 Dungeon Crawl Stone Soup version 0.28-a0-948-gee6e0bcda6 (webtiles) character file.

Game seed: 9414481762418218606

22 Glundar the Shield-Bearer (level 2, -2/19 HPs)
             Began as a Gargoyle Fighter on Nov 30, 2021.
             Killed by nerve-wracking pain
             ... invoked by Jessica
              (6 damage)
             ... on level 2 of the Dungeon.
             The game lasted 00:03:57 (1310 turns).

Glundar the Shield-Bearer (Gargoyle Fighter)        Turns: 1310, Time: 00:03:57

Health: -2/19      AC:  9    Str: 19    XL:     2   Next: 91%
Magic:  2/2        EV:  9    Int:  8    God:
Gold:   34         SH:  4    Dex:  9    Spells: 1/1 levels left

rFire   . . .      SeeInvis .   a - +0 war axe
rCold   . . .      Faith    .   c - +0 buckler
rNeg    + . .      Spirit   .   b - +0 scale mail
rPois   ∞          Reflect  .   (no helmet)
rElec   +          Harm     .   (no cloak)
rCorr   .          Rampage  .   (no gloves)
Will    .....                   (no boots)
Stlth   ..........              (no amulet)
HPRegen 0.06/turn               (no ring)
MPRegen 0.08/turn               (no ring)

@: slowed, very slow
A: sickness immunity, AC +2, negative energy resistance 1, electricity
resistance, torment resistance 1, petrification resistance
a: no special abilities


You were on level 2 of the Dungeon.
You visited 1 branch of the dungeon, and saw 2 of its levels.

You collected 34 gold pieces.

Inventory:

Hand Weapons
 a - a +0 war axe (weapon)
Missiles
 i - 9 stones (quivered)
Armour
 b - a +0 scale mail (worn)
 c - a +0 buckler (worn)
Jewellery
 e - a ring of magical power
Scrolls
 g - a scroll of teleportation {unknown}
 h - a scroll of silence {unknown}
Potions
 d - 2 potions of might
 f - 2 potions of brilliance {unknown}


   Skills:
 + Level 3.6 Fighting
 + Level 2.1 Axes
 + Level 3.5 Armour
 + Level 3.6 Shields


You had one spell level left.
You didn't know any spells.
Your spell library contained the following spells:

 Spells                   Type           Power      Damage    Failure   Level
 Slow                     Hex            0%         N/A       80%         1
 Confusing Touch          Hex            0%         N/A       99%         3
 Dazzling Flash           Conj/Hex       0%         N/A       99%         3
 Agony                    Necr           0%         N/A       100%        5
 Silence                  Hex/Air        0%         N/A       100%        5
 Yara's Violent Unravell  Hex/Tmut       0%         3d3       100%        5


Dungeon Overview and Level Annotations

Branches:
Dungeon (2/15)

Altars:

Annotations:
D:2 Jessica


Innate Abilities, Weirdness & Mutations

You are immune to sickness and miasma.
Your stone body is resilient. (AC +2)
You are immune to poison.
You resist negative energy. (rN+)
You are resistant to electric shocks. (rElec)
You are resistant to unholy torment.
You are immune to petrification.


Message History

Jessica gestures wildly while chanting.
Jessica seems to speed up.
The frilled lizard bites you but does no damage.
You slash Jessica!
Jessica is almost dead.
You barely miss the frilled lizard. Jessica casts a spell at you.
You feel as though you will be slow longer.
Jessica hits you but does no damage. You block the kobold's attack.
You block Jessica's attack.
The frilled lizard bites you but does no damage.
The frilled lizard closely misses you. Jessica hits you with a +0 club.
You block the kobold's attack.
You barely miss Jessica.
Jessica is almost dead.
You closely miss the kobold. You miss the frilled lizard.
You block Jessica's attack. Jessica hits you but does no damage.
The kobold hits you but does no damage.
The frilled lizard bites you but does no damage.
You block Jessica's attack.
The frilled lizard bites you but does no damage.
The kobold hits you with a +0 short sword.
Jessica gestures at you while chanting. Pain shoots through your body!
You closely miss Jessica.
Jessica is almost dead.
Jessica hits you but does no damage. You block Jessica's attack. x2
You barely miss Jessica.
Jessica is almost dead.
Jessica hits you with a +0 club. Jessica barely misses you.
Jessica casts a spell at you. You resist with some effort.
Jessica gestures at you while chanting. Pain shoots through your body!
* * * LOW HITPOINT WARNING * * *
You barely miss Jessica.
Jessica is almost dead.
Jessica casts a spell at you. Pain shoots through your body!
You die...

############
#..........#
##.#######.#
#.# #.# #.# #.#
#.# #.# #######
#.# #)# .......
#.#
#.####.......
#.#
#>..@@K......
#.#
#.####l......
#.# #.# .......
#.# #.# .......
#.# #.# .......
#.# #.# .......
#.# #.# #######
#.# #..
#.#############


You could see Jessica (fast), a kobold and a frilled lizard.

Vanquished Creatures
  A dart slug (D:1)
  A ball python (D:1)
  A giant cockroach (D:1)
  4 goblins
  3 hobgoblins
  3 kobolds (D:1)
  3 bats (D:2)
  2 frilled lizards
18 creatures vanquished.

Notes
Turn   | Place    | Note
-------+----------+-------------------------------------------
     0 | D:1      | Glundar the Gargoyle Fighter began the quest for the Orb.
     0 | D:1      | Reached XP level 1. HP: 14/14 MP: 1/1
   209 | D:1      | Reached XP level 2. HP: 19/19 MP: 2/2
   939 | D:1      | Found a faded altar of an unknown god.
  1301 | D:2      | Noticed Jessica
  1310 | D:2      | Killed from afar by Jessica

Illustrated notes

Levels and vault maps discovered:
D:1:      minmay_arrival_jagged, layout_loops_corners,
          chequers_ecumenical_altar_grove
D:2:      layout_basic, chequers_serial_rivers_micro_a, uniq_terence,
          uniq_jessica

Skill      XL: |  1  2 |
---------------+-------+-----
Axes           | 2 |  2.1
Fighting       | |  3.6
Armour         | |  3.5
Shields        | |  3.6

Action                   || total
-------------------------++-------
Melee: War axe           ||    58
Armor: Scale mail        ||    39
Dodge: Dodged            ||    28
Block: Buckler           ||    14

Table legend: (Time is in decaauts)
 A = Elapsed time spent in this place.
 B = Non-inter-level travel time spent in this place.
 C = Inter-level travel time spent in this place.
 D = Time resting spent in this place.
 E = Time spent auto-exploring this place.
 F = Levels seen in this place.
 G = Mean time per level.
                   A        B        C        D        E       F      G
               +--------+--------+--------+--------+--------+-----+--------+
         Total |   1340 |   1292 |     48 |      0 |    892 |   2 |  670.0 |
       Dungeon |   1340 |   1292 |     48 |      0 |    892 |   2 |  670.0 |
               +--------+--------+--------+--------+--------+-----+--------+

Top non-repeatable levels by time:
     D:1: 1032 daAuts
     D:2: 307 daAuts
